Map: [TLMC15] Curious Minds

Players

LiquidClem (Clem)

  • Race: Terran Terran
  • League: Master

Lambo - Winner!

  • Race: Zerg Zerg
  • League: Grandmaster

Event: StayAtHome Story Cup #4

VOD

Have the link to the VOD?

Description

Time

  • Played on: Oct. 23, 2021, 11:10 a.m.
  • Length: 9:13

All games in this series

Show
View Real Time Build Order
Export as new Build Order

LiquidClem Terran 

Build Orders: Reaper Expand 

Get SALT Encoding   

  12  0:00  SCV  
  13  0:12  SCV  
  14  0:17  Supply Depot  
  14  0:24  SCV  
  15  0:38  SCV  
  15  0:39  Barracks  
  16  0:42  Refinery  
  16  0:50  SCV  
  17  1:02  SCV  
  18  1:14  SCV  
  19  1:25  Reaper  
  19  1:26  Orbital Command  
  20  1:40  Command Center  
  20  1:49  Supply Depot  
  20  1:52  SCV  
  21  1:57  Marine  
  22  2:04  SCV  
  23  2:13  Refinery, Factory  
  23  2:16  SCV  
  23  2:20  Barracks Reactor  
  24  2:28  SCV  
  25  2:40  SCV  
  26  2:51  Orbital Command  
  26  2:53  SCV  
  26  2:56  Reaper x2  
  26  2:57  Hellion  
  31  3:05  Command Center  
  31  3:09  SCV  
  32  3:17  SCV  
  33  3:21  SCV  
  34  3:29  SCV  
  34  3:31  Hellion  
  34  3:32  Hellion  
  34  3:33  SCV  
  40  3:35  Barracks Tech Lab  
  40  3:41  SCV  
  41  3:43  Supply Depot  
  41  3:45  SCV  
  42  3:53  SCV  
  42  3:54  Hellion  
  45  3:56  Stimpack  
  45  3:57  SCV  
  46  4:05  SCV, Hellion  
  46  4:09  SCV  
  50  4:10  Barracks  
  50  4:11  Barracks  
  50  4:14  Supply Depot, Marine  
  50  4:16  Hellion  
  53  4:17  SCV  
  53  4:21  SCV  
  55  4:26  Hellion  
  55  4:29  SCV  
  58  4:32  SCV, Marine  
  58  4:34  Orbital Command  
  60  4:41  SCV, Starport  
  61  4:46  Supply Depot, SCV  
  61  4:49  Refinery  
  61  4:50  Marine  
  63  4:53  SCV  
  63  4:57  Engineering Bay  
  63  4:58  Engineering Bay  
  64  5:00  Barracks Reactor  
  64  5:01  SCV x2, Factory Reactor  
  64  5:05  SCV  
  67  5:07  Refinery, Marine  
  67  5:08  Marine  
  67  5:13  SCV  
  67  5:17  SCV, Orbital Command  
  62  5:22  Marine  
  62  5:25  SCV, Terran Infantry Weapons Level 1  
  62  5:26  Terran Infantry Armor Level 1  
  64  5:30  SCV  
  64  5:31  Marine x2  
  64  5:35  Supply Depot  
  67  5:38  SCV  
  67  5:39  Combat Shield  
  67  5:42  Marine x2  
  69  5:43  SCV  
  69  5:44  Marine  
  69  5:46  Factory Reactor  
  69  5:48  SCV  
  69  5:49  Marine x2  
  71  5:55  SCV  
  71  5:57  SCV  
  72  6:00  Marine x2  
  72  6:03  Medivac  
  76  6:05  Supply Depot, SCV  
  76  6:07  Medivac  
  76  6:09  Marine  
  76  6:10  Marine  
  76  6:11  Marine  
  82  6:13  SCV  
  82  6:15  SCV  
  84  6:18  Supply Depot  
  84  6:22  SCV  
  84  6:25  SCV  
  85  6:28  Marine  
  85  6:30  SCV, Marine  
  85  6:31  Marine x3  
  91  6:34  Widow Mine x2  
  91  6:37  Barracks  
  91  6:38  Barracks  
  91  6:39  Supply Depot, SCV  
  96  6:41  SCV  
  96  6:46  Marine  
  98  6:47  SCV  
  98  6:49  Marine x2  
  98  6:51  SCV, Marine  
  103  6:56  Medivac x2  
  103  6:58  Widow Mine  
  103  7:00  SCV x2  
  103  7:01  Widow Mine, Supply Depot  
  113  7:02  Supply Depot, Marine  
  113  7:04  SCV  
  113  7:07  Marine  
  116  7:10  Factory  
  116  7:11  Refinery  
  113  7:16  Marine x2  
  113  7:17  SCV  
  113  7:20  Marine  
  117  7:26  Marine  
  117  7:27  Widow Mine  
  117  7:28  Medivac x2  
  117  7:29  Supply Depot, Barracks Reactor  
  107  7:30  Barracks Reactor  
  107  7:32  SCV x3  
  107  7:35  Armory  
  108  7:37  Marine  
  108  7:43  Marine x2  
  108  7:44  SCV  
  112  7:45  Command Center  
  112  7:52  Widow Mine x2  
  112  7:54  Factory Tech Lab  
  112  7:55  Sensor Tower  
  116  8:00  Liberator x2  
  116  8:01  Marine  
  123  8:07  Marine  
  123  8:10  Marine x2  
  123  8:11  Marine x2  
  113  8:14  SCV  
  113  8:15  Widow Mine, Marine  
  113  8:17  Widow Mine  
  104  8:22  Marine  
  104  8:23  Marine  
  104  8:26  Marine x2  
  93  8:28  SCV  
  93  8:29  Marine x2  
  93  8:31  Widow Mine  
  86  8:36  SCV, Marine  
  87  8:41  SCV  
  87  8:42  SCV  
  87  8:43  Marine  
  90  8:50  SCV  
  90  8:51  Marine x2  
  90  8:53  SCV  
  90  8:54  SCV  
Show
View Real Time Build Order
Export as new Build Order

Lambo Zerg - Winner!

Build Orders: Hatch First 

Get SALT Encoding   

  12  0:00  Drone  
  13  0:12  Overlord  
  13  0:17  Drone  
  14  0:31  Drone x2  
  16  0:47  Hatchery  
  15  0:50  Drone  
  15  0:54  Drone  
  18  0:57  Drone  
  18  1:08  Extractor  
  17  1:12  Spawning Pool  
  17  1:16  Drone  
  17  1:19  Drone  
  18  1:28  Drone  
  19  1:39  Drone  
  20  1:50  Drone  
  21  1:59  Queen x2, Zergling x2  
  21  2:00  Zergling x2  
  27  2:09  Drone  
  27  2:12  Overlord  
  28  2:19  Hatchery  
  27  2:25  Drone  
  28  2:31  Drone  
  28  2:35  Drone x2  
  30  2:38  Queen  
  32  2:46  Overlord  
  32  2:49  Metabolic Boost  
  32  2:53  Drone x2  
  34  3:01  Zergling x2  
  35  3:08  Queen  
  35  3:09  Drone x3  
  35  3:12  Drone  
  41  3:18  Drone  
  41  3:19  Drone  
  43  3:21  Overlord  
  43  3:26  Drone  
  44  3:31  Queen  
  44  3:33  Overlord  
  46  3:37  Drone  
  46  3:38  Queen  
  46  3:40  Drone  
  50  3:44  Zergling x4  
  50  3:47  Queen  
  54  3:51  Drone  
  54  3:54  Drone  
  54  3:55  Drone x2  
  58  3:58  Zergling x4  
  60  4:05  Drone  
  60  4:06  Drone  
  60  4:07  Overlord  
  60  4:09  Overlord  
  61  4:13  Overlord  
  61  4:15  Overlord  
  61  4:18  Drone x2  
  61  4:21  Drone x2  
  65  4:27  Drone  
  65  4:28  Overlord  
  65  4:30  Lair  
  66  4:32  Extractor  
  66  4:33  Overlord  
  66  4:36  Drone  
  66  4:37  Drone  
  67  4:42  Drone  
  68  4:48  Overlord  
  68  4:49  Drone x4  
  72  4:55  Baneling Nest, Extractor x2  
  72  4:56  Zergling x2  
  72  4:59  Zergling x4  
  72  5:04  Zergling x12  
  78  5:08  Drone  
  78  5:13  Drone  
  80  5:15  Drone  
  80  5:18  Drone x3  
  79  5:24  Drone x2  
  79  5:28  Drone  
  82  5:32  Hatchery, Queen  
  82  5:35  Zergling x4  
  85  5:37  Zergling x2  
  85  5:42  Evolution Chamber, Zergling x2  
  86  5:43  Evolution Chamber  
  86  5:47  Zergling x4  
  85  5:52  Drone x6  
  85  5:56  Drone x2  
  89  5:57  Centrifugal Hooks  
  89  6:02  Drone x4  
  93  6:07  Drone  
  93  6:09  Zerg Ground Armor Level 1, Zerg Melee Weapons Level 1  
  94  6:13  Zergling x4  
  94  6:14  Hatchery  
  94  6:17  Zergling x2  
  96  6:26  Zergling x8  
  96  6:32  Zergling x8  
  102  6:41  Hatchery, Drone x2  
  103  6:48  Zergling x8  
  103  6:54  Zergling x6  
  110  6:59  Baneling x5  
  110  7:01  Zergling x18  
  110  7:07  Zergling x4  
  117  7:10  Zergling x2  
  117  7:12  Zergling x2  
  117  7:15  Zergling x2  
  118  7:18  Baneling x7  
  118  7:20  Zergling x4  
  117  7:27  Zergling x2  
  117  7:28  Zergling x22  
  115  7:31  Zergling x2  
  115  7:34  Overseer  
  115  7:40  Zergling x14  
  122  7:44  Drone  
  122  7:48  Zergling x2  
  122  7:49  Zergling x2  
  125  7:52  Baneling x9  
  125  7:54  Overlord  
  125  7:56  Drone x6  
  125  7:58  Spore Crawler  
  130  8:00  Zergling x2  
  127  8:05  Overlord  
  127  8:12  Zergling x2  
  124  8:14  Zergling x16  
  124  8:18  Zergling x6  
  128  8:21  Zergling x8  
  128  8:25  Zergling x14  
  136  8:30  Zergling x6  
  136  8:31  Baneling x13  
  136  8:33  Zergling x12  
  138  8:36  Zergling x4  
  138  8:39  Zergling x2  
  139  8:44  Baneling x4  
  139  8:45  Overlord x2  
  138  8:50  Zergling x6  
Tags
 
Add a new tag
Caveats
  • Supply blocks, unpowered buildings, or Contaminate may cause inaccurate times.
  • Supply counts are checked every 10 seconds.